 Dungeon Crawl Stone Soup version 0.31.0-11-ge490571c62 (webtiles) character file.

Game seed: 7815956670419135510

133 qw the Shooter (level 4, -2/23 HPs)
             Began as a Spriggan Hunter on Feb 3, 2024.
             Killed by nerve-wracking pain
             ... invoked by an orc priest
              (13 damage)
             ... on level 3 of the Dungeon.
             The game lasted 00:00:38 (1918 turns).

qw the Shooter (Spriggan Hunter)                    Turns: 1918, Time: 00:00:39

Health: -2/23      AC:  2    Str:  7    XL:     4   Next: 94%
Magic:  5/5        EV: 20    Int: 10    God:
Gold:   77         SH:  0    Dex: 20    Spells: 3/3 levels left

rFire   . . .        a - +1 shortbow
rCold   . . .        (shield currently unavailable)
rNeg    . . .        c - +0 robe
rPois   .            (helmet restricted)
rElec   .            (no cloak)
rCorr   .            (gloves unavailable)
SInv    +            (boots unavailable)
Will    .....        (no amulet)
Stlth   ++           (no ring)
HPRegen 0.23/turn    (no ring)
MPRegen 0.09/turn

%: no passive effects
@: very quick
A: very small, no large weapons, unfitting armour, see invisible, speed 3
a: no special abilities


You were on level 3 of the Dungeon.
You visited 1 branch of the dungeon, and saw 3 of its levels.

You collected 77 gold pieces.


Innate Abilities, Weirdness & Mutations

You are very small and have problems with some larger weapons.
You are too small for most types of armour.
You have supernaturally acute eyesight. (SInv)
You cover ground extremely quickly. (Speed+++)


   Skills:
 - Level 2.0 Fighting
 + Level 5.1 Ranged Weapons
 - Level 5.0 Dodging
 - Level 1.5 Stealth


You had 3 spell levels left.
You didn't know any spells.
Your spell library was empty.

Inventory:

Hand Weapons
 a - a +1 shortbow (weapon)
Armour
 c - a +0 robe (worn)
Jewellery
 f - an amulet of guardian spirit
Wands
 g - a wand of paralysis (6)
Scrolls
 h - a scroll of acquirement {unknown}
Potions
 b - a potion of lignification {unknown}
 d - a potion of haste
 e - a potion of might {unknown}

Dungeon Overview and Level Annotations

Branches:
Dungeon (3/15)

Altars:


Message History

The hobgoblin completely misses you.
You shoot an arrow. The arrow hits the hobgoblin.
You kill the hobgoblin!
Found a buckler.
You feel yourself slow down.
h - a scroll labelled KESCHO NUTTYD You feel less attractive to monsters.
A quokka comes into view.
You shoot an arrow. The arrow hits the quokka!
You kill the quokka!
An orc comes into view. It is wielding a +0 hand axe.
Found a stone staircase leading up and a stone staircase leading down.
You shoot an arrow. The arrow hits the orc.
The orc shouts!
The orc is severely wounded.
You hear a shout! x2
An orc priest comes into view. It is wielding a +0 trident.
An orc priest comes into view. It is wielding a +0 war axe.
A kobold comes into view. It is wielding a +0 club.
The orc priest shouts!
You shoot an arrow. The arrow hits the kobold.
You kill the kobold!
You hear a shout! x3
You shoot an arrow. The arrow hits the orc.
You kill the orc!
An orc priest comes into view. It is wielding a +0 hand axe.
You shoot an arrow.
The arrow hits the orc priest but does no damage.
The orc priest invokes the aid of Beogh against you.
Beogh smites you!
Ouch! That really hurt!
You shoot an arrow. The arrow hits the orc priest!
The orc priest is severely wounded.
An orc comes into view. It is wielding a +0 war axe.
The orc priest calls upon Beogh to heal the orc priest.
The orc priest is healed somewhat.
The orc priest mumbles some strange prayers to Beogh against you.
Pain shoots through your body!
Ouch! That really hurt!
You die... ####.#.#.##.####. #............. . o #.##.....####. . #. #.#.......... o.o

#.#.#.........
##))
#.#.#.########
<...o #.#.#.#
......##.#.#.#
..%....@.#.#.#
....#.#### # #


You could see 3 orc priests and an orc.

Vanquished Creatures
  4 gnolls
  4 adders (D:2)
  2 dart slugs
  An orc (D:3)
  12 ball pythons
  6 endoplasms
  A giant cockroach (D:2)
  2 goblins (D:1)
  6 hobgoblins
  2 quokkas
  3 bats
  2 frilled lizards
  7 kobolds
  5 rats
57 creatures vanquished.

Notes
Turn   | Place    | Note
-------+----------+-------------------------------------------
     0 | D:1      | qw the Spriggan Hunter began the quest for the Orb.
     0 | D:1      | Reached XP level 1. HP: 10/10 MP: 2/2
     0 | D:1      | 0 ||| qw: Version: 0.3-a-155-g5e7d8dd
     0 | D:1      | 0 ||| qw: Game counter: 3322
     0 | D:1      | 0 ||| qw: Melee chars always use a shield: true
     0 | D:1      | 0 ||| qw: God list: Okawaru
     0 | D:1      | 0 ||| qw: Allow faded altars: false
     0 | D:1      | 0 ||| qw: Do Orc after clearing Dungeon:15 true
     0 | D:1      | 0 ||| qw: Do second Lair branch before Depths: true
     0 | D:1      | 0 ||| qw: Lair rune preference: random
     0 | D:1      | 0 ||| qw: Goals: Normal
     0 | D:1      | 0 ||| PLANNING D:1-11
    69 | D:1      | Reached skill level 3 in Dodging
   179 | D:1      | Reached XP level 2. HP: 14/14 MP: 3/3
   798 | D:1      | 798 ||| READING scroll labelled NISASCH ITUIGE.
   799 | D:1      | 799 ||| READING scroll labelled QUEFRO ZECRUTH.
   799 | D:1      | 799 ||| ENCHANTING +0 shortbow.
   800 | D:1      | 800 ||| DROPPING scroll of butterflies.
   810 | D:2      | 810 ||| STAIRDANCE
   814 | D:1      | Reached XP level 3. HP: 17/18 MP: 4/4
   868 | D:2      | Reached XP level 4. HP: 22/22 MP: 5/5
  1401 | D:2      | 1401 ||| FLEEEEING.
  1722 | D:2      | 1722 ||| READING scroll labelled PIRIRA AGIWY.
  1823 | D:2      | 1823 ||| READING scroll labelled LUAXOM PAUNN.
  1828 | D:2      | 1828 ||| READING scroll labelled EMNIRU COGGAATZ.
  1828 | D:2      | 1828 ||| ENCHANTING +0 shortbow.
  1829 | D:2      | 1829 ||| READING scroll labelled DOTWOL FIDWEGUKK.
  1830 | D:2      | 1830 ||| DRINKING 2 sedimented dark potions.
  1831 | D:2      | 1831 ||| DRINKING 3 emerald potions.
  1832 | D:2      | 1832 ||| DROPPING 2 potions of attraction.
  1918 | D:3      | Killed from afar by an orc priest

Levels and vault maps discovered:
D:1:      lightli_arrival_windingriver, layout_basic, grunt_decor_cap,
          minmay_stone_trees_small
D:2:      layout_loops_ring, minmay_snake_closets
D:3:      layout_basic, okawaru_ov_weapons_minmay, minitemple, uniq_natasha,
          uniq_robin

Skill      XL: |  1  2  3  4 |
---------------+-------------+-----
Dodging        | 3 4 5 |  5.0
Ranged Weapons | 5 |  5.1
Fighting       | 2 |  2.0
Stealth        | |  1.5

Action                     |  1- 3 |  4- 6 || total
---------------------------+-------+-------++-------
   Fire: Shortbow          |    64 |    80 ||   144
    Use: Scroll            |     2 |     4 ||     6
         Potion            |       |     2 ||     2
 Armour: Robe              |     1 |     9 ||    10
  Dodge: Dodged            |    20 |    36 ||    56

Table legend:
 A = Non-vault XP
 B = Vault XP
 C = Vault XP percentage of total XP
 D = Non-vault monster count
 E = Vault monster count
 F = Vault count percentage of total count
                 A         B        C        D         E       F
            +---------+---------+-------+---------+---------+-------
      Total |     126 |      65 |  34.0 |      45 |      12 |  21.1
            +---------+---------+-------+---------+---------+-------
        D:1 |      50 |       0 |   0.0 |      23 |       0 |   0.0
        D:2 |      67 |      65 |  49.2 |      17 |      12 |  41.4
        D:3 |       9 |       0 |   0.0 |       5 |       0 |   0.0
            +---------+---------+-------+---------+---------+-------
